 Dungeon Crawl Stone Soup version 0.30-a0-393-g54b8e3be05 (webtiles) character file.

Game seed: 17477896744471149682

44 spardeous the Ducker (level 3, 0/15 HPs)
             Began as a Felid Transmuter on Dec 6, 2022.
             Succumbed to an adder's poison
             ... on level 3 of the Dungeon.
             The game lasted 00:02:33 (1709 turns).

spardeous the Ducker (Felid Transmuter)             Turns: 1709, Time: 00:02:33

Health: 0/15       AC:  1    Str:  6    XL:     3   Next: 41%
Magic:  5/7        EV: 22    Int: 14    God:
Gold:   189        SH:  0    Dex: 18    Spells: 2/6 levels left
                                        Lives:  0   Deaths: 0

rFire   . . .      SeeInvis +      - Unarmed
rCold   . . .      Faith    .    (shield unavailable)
rNeg    . . .      Spirit   .    (body armour unavailable)
rPois   .          Reflect  .    (helmet unavailable)
rElec   .          Harm     .    (cloak unavailable)
rCorr   .          Rampage  .    (gloves unavailable)
Will    .....                    (boots unavailable)
Stlth   ++........               (no amulet)
HPRegen 0.22/turn                n - +4 ring of evasion
MPRegen 0.10/turn                j - ring of flight

@: lethally poisoned (0 -> -3), appendages, flying, quick
A: horns 2, very small, claws 1, fangs 3, see invisible, speed 1, shaggy fur 1,
stealthy paws, no weapons or thrown items, no armour, multi-lived
a: End Transformation


You were on level 3 of the Dungeon.
You had temporarily grown beastly horns.
You visited 1 branch of the dungeon, and saw 3 of its levels.

You collected 189 gold pieces.

Inventory:

Jewellery
 j - a ring of flight (right paw)
 n - a +4 ring of evasion (left paw)
Scrolls
 c - 3 scrolls of immolation {unknown}
 e - 5 scrolls of identify {unknown}
 g - a scroll of torment {unknown}
 k - a scroll of fear {unknown}
 m - a scroll of poison {unknown}
 o - a scroll of blinking {unknown}
Potions
 a - a potion of lignification
 b - 2 potions of curing {unknown}
 d - 4 potions of heal wounds {unknown}
 f - a potion of brilliance {unknown}
 h - a potion of haste {unknown}
 i - a potion of resistance {unknown}
 l - a potion of mutation {unknown}


   Skills:
 - Level 1.0 Fighting
 + Level 3.7 Dodging
 + Level 3.5 Unarmed Combat
 - Level 2.0 Spellcasting
 + Level 3.0 Transmutations


You had 2 spell levels left.
You knew the following spells:

 Your Spells              Type           Power      Damage    Failure   Level
a - Beastly Appendage     Tmut           18%        N/A       7%          1
b - Spider Form           Tmut/Pois      5%         N/A       36%         3

Your spell library contained the following spells:

 Spells                   Type           Power      Damage    Failure   Level
 Wereblood                Tmut           9%         N/A       11%         2
 Ice Form                 Ice/Tmut       5%         N/A       77%         4


Dungeon Overview and Level Annotations

Branches:
Dungeon (3/15)

Altars:

Annotations:
D:2 1 runed translucent door, Crazy Yiuf


Innate Abilities, Weirdness & Mutations

You have temporarily grown beastly horns.
You have sharp claws.
You have razor-sharp teeth.
You have supernaturally acute eyesight. (SInv)
You cover ground quickly. (Speed+)
You are covered in fur. (AC +1)
Your paws help you pounce on unaware monsters.
You are incapable of wielding weapons or throwing items.
You cannot wear armour.
You gain extra lives every three experience levels.


Message History

There are monsters nearby!
There are monsters nearby!
The gnoll shouts!
The adder hisses angrily.
A kobold comes into view. It is wielding a +0 short sword.
There is a stone staircase leading up here.
Casting: Beastly Appendage (safe; 7% risk of failure)
Confirm with . or Enter, or press ? or * to list all spells.
You miscast Beastly Appendage.
You are very lightly contaminated with residual magic.
Nothing appears to happen.
You scratch the adder.
The adder is lightly wounded.
The adder barely misses you.
Casting: Beastly Appendage (safe; 7% risk of failure)
Confirm with . or Enter, or press ? or * to list all spells.
You grow a pair of large bovine horns.
The kobold shouts!
The adder barely misses you. The adder bites you.
You closely miss the adder. Your bite misses the adder.
The adder is lightly wounded.
The adder completely misses you.
You scratch the adder.
The adder is lightly wounded.
The adder bites you.
You scratch the adder but do no damage.
The adder is lightly wounded.
The adder completely misses you. The gnoll closely misses you.
You scratch the adder. Your bite misses the adder.
The adder is severely wounded.
The adder closely misses you. The gnoll hits you with a +0 flail.
* * * LOW HITPOINT WARNING * * *
The adder bites you.
* * * LOW HITPOINT WARNING * * *
You are lethally poisoned!
The adder poisons you!
* * * LOW HITPOINT WARNING * * *
You feel sick. The kobold misses you.
Your magical contamination has completely faded away.
There is a stone staircase leading up here.
You die...

#.# .# #.####. #
#.#... .. .[... ...
#...#...# .
#######.......# ..g
..............#
...S.#####
##K##..... #....#
#@........ ..
#.##.###Sg......#.
..
#.##.#......###.#..
#. #...............
...## #.
#....#......####
...##.
.......#..†...#
#..#.
###....#......#
.####...
#.##.#......#
......S< ...
..#......# ########


You could see a gnoll, an adder and a kobold.

Vanquished Creatures
  A worm (D:3)
  2 bats
  5 endoplasms
  3 giant cockroaches (D:1)
  4 goblins
  3 hobgoblins
  3 jackals (D:1)
  3 quokkas
  A ball python (D:1)
  2 frilled lizards
  7 kobolds (D:1)
34 creatures vanquished.

Vanquished Creatures (others)
  8 fungi (D:1)
  3 toadstools (D:1)
11 creatures vanquished.

Grand Total: 45 creatures vanquished

Notes
Turn   | Place    | Note
-------+----------+-------------------------------------------
     0 | D:1      | spardeous the Felid Transmuter began the quest for the Orb.
     0 | D:1      | Reached XP level 1. HP: 9/9 MP: 4/4
    90 | D:1      | Reached XP level 2. HP: 8/12 MP: 4/6
   551 | D:1      | Reached XP level 3. HP: 13/15 MP: 5/7
  1147 | D:2      | Learned a level 3 spell: Spider Form
  1387 | D:2      | Found a runed translucent door.
  1388 | D:2      | Noticed Crazy Yiuf
  1709 | D:3      | Succumbed to an adder's poison

Illustrated notes

Levels and vault maps discovered:
D:1:      psy_arrival_dodecagon, layout_basic, minmay_gold_behind_fungi
D:2:      layout_loops_cross, uniq_crazy_yiuf_cottage
D:3:      minmay_evil_eye, layout_basic, mainiacjoe_overflow_24_doors,
          minmay_ruptured, uniq_robin

Skill      XL: |  1  2  3 |
---------------+----------+-----
Dodging        | 3 |  3.7
Transmutations | 3 |  3.0
Fighting       | |  1.0
Unarmed Combat | |  3.5
Spellcasting   | |  2.0

Action                   || total
-------------------------++-------
Melee: Unarmed           ||    96
       Headbutt          ||    13
       Bite              ||     7
       Punch             ||     1
 Cast: Beastly Appendage ||    26
 Stab: Sleeping          ||     2
Armor: Skin              ||     4
Dodge: Dodged            ||    92

Table legend: (Time is in decaauts)
 A = Elapsed time spent in this place.
 B = Non-inter-level travel time spent in this place.
 C = Inter-level travel time spent in this place.
 D = Time resting spent in this place.
 E = Time spent auto-exploring this place.
 F = Levels seen in this place.
 G = Mean time per level.
                   A        B        C        D        E       F      G
               +--------+--------+--------+--------+--------+-----+--------+
         Total |   1433 |   1308 |    125 |     29 |    961 |   3 |  477.7 |
       Dungeon |   1433 |   1308 |    125 |     29 |    961 |   3 |  477.7 |
               +--------+--------+--------+--------+--------+-----+--------+

Top non-repeatable levels by time:
     D:1: 725 daAuts
     D:2: 668 daAuts
     D:3: 39 daAuts
